 Dungeon Crawl Stone Soup version 0.28-a0-2-g643f2454ad (webtiles) character file.

Game seed: 5265068261974017856

73 Demosthentine the Poker (level 4, -2/35 HPs)
             Began as a Merfolk Gladiator on July 22, 2021.
             Slain by Natasha (5 damage)
             ... on level 2 of the Dungeon.
             The game lasted 00:01:42 (1239 turns).

Demosthentine the Poker (Merfolk Gladiator)         Turns: 1239, Time: 00:01:42

Health: -2/35      AC:  4    Str: 15    XL:     4   Next: 27%
Magic:  4/4        EV: 13    Int:  7    God:
Gold:   45         SH:  0    Dex: 15    Spells: 3/3 levels left

rFire   . . .      SeeInvis .   a - +1 trident
rCold   . . .      Faith    .   (no shield)
rNeg    . . .      Spirit   .   b - +0 leather armour
rPois   .          Reflect  .   c - +0 helmet
rElec   .          Harm     .   (no cloak)
rCorr   .          Rampage  .   (no gloves)
Will    .....                   (no boots)
Stlth   +.........              (no amulet)
HPRegen 0.11/turn               (no ring)
MPRegen 0.09/turn               (no ring)

@: slowed, very slow
A: (nimble swimmer 2), mertail
a: no special abilities


You were on level 2 of the Dungeon.
You visited 1 branch of the dungeon, and saw 2 of its levels.

You collected 45 gold pieces.

Inventory:

Hand Weapons
 a - a +1 trident (weapon)
Missiles
 d - 3 throwing nets (quivered)
Armour
 b - a +0 leather armour (worn)
 c - a +0 helmet (worn)
Potions
 e - 2 potions of might


   Skills:
 + Level 3.0 Fighting
 + Level 5.2 Polearms
 - Level 2.0 Throwing
 + Level 1.2 Armour
 + Level 4.7 Dodging


You had 3 spell levels left.
You didn't know any spells.
Your spell library was empty.

Dungeon Overview and Level Annotations

Branches:
Dungeon (2/15)

Altars:

Annotations:
D:2 Natasha


Innate Abilities, Weirdness & Mutations

((You are quick and stealthy near water. (Stealth+, EV+, Speed+++)))
Your lower body shifts to a powerful aquatic tail in water.


Message History

Natasha completely misses you.
You closely miss Natasha.
Natasha is heavily wounded.
Natasha claws you.
Natasha is nearby!
You closely miss Natasha.
Natasha is heavily wounded.
Natasha stares at you and mumbles some strange words.
You feel yourself slow down.
Natasha is nearby!
You barely miss Natasha.
Natasha is heavily wounded.
Natasha claws you but does no damage.
You miss Natasha.
Natasha is heavily wounded.
Natasha claws you but does no damage. Natasha claws you!
Natasha is nearby!
You are too injured to fight recklessly!
Natasha is nearby!
You barely miss Natasha.
Natasha is heavily wounded.
Natasha barely misses you.
You hit Natasha.
Natasha is severely wounded.
Natasha stares at you and mumbles some strange words.
You resist with some effort. Natasha misses you.
You completely miss Natasha.
Natasha is severely wounded.
Natasha casts a spell at you. You resist with some effort.
Unknown command.
You closely miss Natasha.
Natasha is severely wounded.
Natasha casts a spell at you. The magic dart hits you. Natasha claws you!
* * * LOW HITPOINT WARNING * * *
You closely miss Natasha.
Natasha is severely wounded.
Natasha claws you.
You die...

.........####. #...
......#...#...###$..#
............#.......#
......#............#
......###..........#
...................#
...................#
###....##.......h..#
....#.##....#<..@..##
# ##### ##.#
#.#.|#..# .#### #
#..#.#..#...... #
##.#†#.)†......
#.....#......#
###.$####.....
....... .#..
#........# ..:
#........# ##


You could see Natasha.

Vanquished Creatures
  Natasha (D:2)
  An adder (D:2)
  A worm (D:2)
  A dart slug (D:1)
  3 bats
  5 endoplasms
  2 goblins (D:1)
  5 hobgoblins
  5 kobolds
  5 ball pythons
  3 frilled lizards (D:1)
  2 rats
34 creatures vanquished.

Notes
Turn   | Place    | Note
-------+----------+-------------------------------------------
     0 | D:1      | Demosthentine the Merfolk Gladiator began the quest for the
                  | Orb.
     0 | D:1      | Reached XP level 1. HP: 16/16 MP: 1/1
    16 | D:1      | You fall into a shaft and drop 1 floor!
   119 | D:1      | Reached XP level 2. HP: 5/23 MP: 2/2
   540 | D:1      | Reached XP level 3. HP: 15/28 MP: 3/3
  1064 | D:2      | Noticed Natasha
  1068 | D:2      | Killed Natasha
  1069 | D:2      | Reached skill level 5 in Polearms
  1069 | D:2      | Reached skill level 1 in Armour
  1069 | D:2      | Reached XP level 4. HP: 32/35 MP: 4/4
  1226 | D:2      | Noticed Natasha
  1239 | D:2      | Slain by Natasha

Illustrated notes

Levels and vault maps discovered:
D:1:      dpeg_arrival_erosion, layout_rooms
D:2:      layout_rooms, minmay_randomly_rotated_circles, uniq_natasha,
          uniq_jessica

Skill      XL: |  1  2  3 |
---------------+----------+-----
Fighting       | 3 |  3.0
Polearms       | 5 |  5.2
Armour         | 1 |  1.2
Throwing       | |  2.0
Dodging        | |  4.7

Action                   |  1- 3 |  4- 6 || total
-------------------------+-------+-------++-------
Melee: Trident           |    99 |    30 ||   129
  Use: Scroll            |     4 |       ||     4
 Stab: Sleeping          |     1 |       ||     1
       Distracted        |     1 |       ||     1
Armor: Leather armour    |    20 |     3 ||    23
Dodge: Dodged            |    80 |    14 ||    94

Table legend: (Time is in decaauts)
 A = Elapsed time spent in this place.
 B = Non-inter-level travel time spent in this place.
 C = Inter-level travel time spent in this place.
 D = Time resting spent in this place.
 E = Time spent auto-exploring this place.
 F = Levels seen in this place.
 G = Mean time per level.
                   A        B        C        D        E       F      G
               +--------+--------+--------+--------+--------+-----+--------+
         Total |   1249 |   1224 |     25 |      0 |    934 |   2 |  624.5 |
       Dungeon |   1249 |   1224 |     25 |      0 |    934 |   2 |  624.5 |
               +--------+--------+--------+--------+--------+-----+--------+

Top non-repeatable levels by time:
     D:1: 982 daAuts
     D:2: 267 daAuts
